 Dungeon Crawl Stone Soup version 0.30-a0-1016-gfb0d676c02 (webtiles) character file.

Game seed: 11073716895183865341

140 CornPuffBuddha the Skirmisher (level 5, -2/64 HPs)
             Began as a Gnoll Hunter on Apr 6, 2023.
             Slain by Sigmund
             ... wielding a +0 scythe
              (8 damage)
             ... on level 2 of the Dungeon.
             The game lasted 00:05:41 (2048 turns).

CornPuffBuddha the Skirmisher (Gnoll Hunter)        Turns: 2048, Time: 00:05:42

Health: -2/64      AC:  4    Str:  9 (11) XL:     5   Next: 22%
Magic:  7/7        EV: 13    Int:  5 (8)  God:
Gold:   170        SH:  0    Dex: 14 (17) Spells: 6/6 levels left

rFire   . . .      SeeInvis .    a - +0 shortbow
rCold   . . .      Faith    .    (shield currently unavailable)
rNeg    . . .      Spirit   .    c - +0 leather armour
rPois   .          Reflect  .    (no helmet)
rElec   .          Rampage  .    (no cloak)
rCorr   .                        (no gloves)
Will    .....                    i - +0 pair of boots Stlth
                                 (no amulet)
HPRegen 0.30/turn                (no ring)
MPRegen 0.10/turn                (no ring)

@: berserking (expiring), very quick
A: fangs 1, strong nose, distributed training
a: no special abilities


You were on level 2 of the Dungeon.
You visited 1 branch of the dungeon, and saw 3 of its levels.

You collected 170 gold pieces.

Inventory:

Hand Weapons
 a - a +0 shortbow (weapon)
Armour
 c - a +0 leather armour (worn)
 i - a +0 pair of boots (worn)
Jewellery
 e - a ring of protection from fire
 l - an amulet of guardian spirit
Scrolls
 b - 3 scrolls of immolation
 d - a scroll of amnesia {unknown}
 g - a scroll of identify {unknown}
 k - a scroll of enchant weapon {unknown}
 m - a scroll of blinking {unknown}
 o - a scroll of fear {unknown}
Potions
 q - a potion of mutation {unknown}
 r - a potion of haste {unknown}


   Skills:
 + Level 4.8 Fighting
 + Level 1.4 Short Blades
 + Level 1.4 Long Blades
 + Level 1.4 Axes
 + Level 1.4 Maces & Flails
 + Level 1.4 Polearms
 + Level 1.4 Staves
 + Level 8.6 Ranged Weapons
 + Level 1.4 Throwing
 + Level 1.4 Armour
 + Level 4.8 Dodging
 + Level 2.7 Stealth
 + Level 1.4 Shields
 + Level 1.4 Unarmed Combat
 + Level 1.4 Spellcasting
 + Level 1.1 Conjurations
 + Level 1.1 Hexes
 + Level 1.1 Summonings
 + Level 1.1 Necromancy
 + Level 1.1 Translocations
 + Level 1.1 Transmutations
 + Level 1.1 Fire Magic
 + Level 1.1 Ice Magic
 + Level 1.1 Air Magic
 + Level 1.1 Earth Magic
 + Level 1.1 Poison Magic
 + Level 1.6 Invocations
 + Level 1.4 Evocations


You had 6 spell levels left.
You didn't know any spells.
Your spell library contained the following spells:

 Spells                   Type           Power      Damage    Failure   Level
 Apportation              Tloc           2%         N/A       36%         1
 Necrotise                Necr           4%         1d4       36%         1
 Summon Small Mammal      Summ           4%         N/A       36%         1
 Sublimation of Blood     Necr           1%         N/A       52%         2
 Wereblood                Tmut           1%         N/A       52%         2
 Summon Hydra             Summ           0%         N/A       100%        7


Dungeon Overview and Level Annotations

Branches:
Dungeon (3/15)

Altars:

Annotations:
D:2 Sigmund


Innate Abilities, Weirdness & Mutations

You have very sharp teeth.
Your uncanny sense of smell can sniff out nearby items.
Your experience applies equally to all skills.


Message History

There was something very wrong with that liquid.
You feel weakened.
You feel dopey.
You feel clumsy.
It was a potion of attraction.
You feel attractive to monsters.
Sigmund's eyes start glowing with a red light.
Sigmund casts a spell.
Sigmund flickers and vanishes!
Deactivating autopickup; reactivate with Ctrl-A.
Something is attracted toward you.
It was a potion of cancellation.
Your magical effects are unravelling.
You feel magically purged.
You feel a little less clever now. Something hits you.
You feel less attractive to monsters.
It was a potion of berserk rage.
A red film seems to cover your vision as you go berserk!
You feel yourself moving faster!
You feel mighty!
You hear some strange, mumbled words.
A magic dart appears from out of thin air!
The magic dart hits you.
* * * LOW HITPOINT WARNING * * *
Sorry, you're not good enough to have a special ability.
You closely miss something. Something barely misses you.
You clumsily bash something.
You miss something. Your bite misses something.
You hear some strange, mumbled words.
A puff of flame appears from out of thin air!
The puff of flame hits you!
* * * LOW HITPOINT WARNING * * *
You closely miss something.
You hear some strange, mumbled words.
A puff of flame appears from out of thin air!
The puff of flame misses you.
You hit something! Something hits you!
* * * LOW HITPOINT WARNING * * *
You miss something. Something hits you but does no damage.
You hit something! You closely miss something. Something barely misses you.
You completely miss something. Something hits you!
You die...

##.#
#.............).#####.#.#..
##.#
############...######.#..#
. ##.##........##
#†##.####..## #.##.# ##.##
####.##.###{.#
##............#
###...#.##...#..#
#...@..(#..#.>..#
#.#.{.##..###...#
......#.## #..#...##
.###.##.# #....#.# ∆ ## #..
#.#..#.# #.## #.#>.#.#
#.####....#.###
#......(......#
##.##.###..##...


There were no monsters in sight!

Vanquished Creatures
  Robin (D:3)
  5 adders
  A worm (D:2)
  2 dart slugs
  3 orcs
  6 endoplasms
  2 giant cockroaches
  17 goblins
  6 hobgoblins
  7 kobolds
  3 quokkas
  6 ball pythons
  5 bats (D:1)
  A frilled lizard (D:2)
  3 rats (D:2)
68 creatures vanquished.

Notes
Turn   | Place    | Note
-------+----------+-------------------------------------------
     0 | D:1      | CornPuffBuddha the Gnoll Hunter began the quest for the
                  | Orb.
     0 | D:1      | Reached XP level 1. HP: 20/20 MP: 1/1
   162 | D:1      | Reached XP level 2. HP: 26/26 MP: 2/2
   897 | D:1      | Reached XP level 3. HP: 31/31 MP: 3/3
  1065 | D:2      | Reached skill level 1 in Invocations
  1142 | D:2      | Reached skill level 1 in Short Blades
  1142 | D:2      | Reached skill level 1 in Long Blades
  1142 | D:2      | Reached skill level 1 in Axes
  1142 | D:2      | Reached skill level 1 in Maces & Flails
  1142 | D:2      | Reached skill level 1 in Polearms
  1142 | D:2      | Reached skill level 1 in Staves
  1142 | D:2      | Reached skill level 1 in Throwing
  1142 | D:2      | Reached skill level 1 in Armour
  1142 | D:2      | Reached skill level 1 in Shields
  1142 | D:2      | Reached skill level 1 in Unarmed Combat
  1142 | D:2      | Reached skill level 1 in Spellcasting
  1142 | D:2      | Reached skill level 1 in Evocations
  1159 | D:2      | Noticed Robin
  1377 | D:3      | Reached XP level 4. HP: 23/38 MP: 5/5
  1510 | D:2      | Noticed Sigmund
  1525 | D:3      | Reached skill level 1 in Conjurations
  1525 | D:3      | Reached skill level 1 in Hexes
  1525 | D:3      | Reached skill level 1 in Summonings
  1525 | D:3      | Reached skill level 1 in Necromancy
  1525 | D:3      | Reached skill level 1 in Translocations
  1525 | D:3      | Reached skill level 1 in Transmutations
  1525 | D:3      | Reached skill level 1 in Fire Magic
  1525 | D:3      | Reached skill level 1 in Ice Magic
  1525 | D:3      | Reached skill level 1 in Air Magic
  1525 | D:3      | Reached skill level 1 in Earth Magic
  1525 | D:3      | Reached skill level 1 in Poison Magic
  1775 | D:3      | Reached XP level 5. HP: 43/43 MP: 7/7
  1996 | D:3      | Killed Robin
  2048 | D:2      | Slain by Sigmund

Illustrated notes

Levels and vault maps discovered:
D:1:      mainiacjoe_arrival_reflecting_pool, layout_loops_corners,
          corexii_item_surrounded_by_moat
D:2:      layout_loops_ring, uniq_sigmund, uniq_robin
D:3:      minmay_chambers_of_threes, layout_loops_cross,
          hellmonk_ecumenical_altar_heavens_door

Skill      XL: |  1  2  3  4 |
---------------+-------------+-----
Invocations    | 1 |  1.6
Short Blades   | 1 |  1.4
Long Blades    | 1 |  1.4
Axes           | 1 |  1.4
Maces & Flails | 1 |  1.4
Polearms       | 1 |  1.4
Staves         | 1 |  1.4
Throwing       | 1 |  1.4
Armour         | 1 |  1.4
Shields        | 1 |  1.4
Unarmed Combat | 1 |  1.4
Spellcasting   | 1 |  1.4
Evocations     | 1 |  1.4
Conjurations   | 1 |  1.1
Hexes          | 1 |  1.1
Summonings     | 1 |  1.1
Necromancy     | 1 |  1.1
Translocations | 1 |  1.1
Transmutations | 1 |  1.1
Fire Magic     | 1 |  1.1
Ice Magic      | 1 |  1.1
Air Magic      | 1 |  1.1
Earth Magic    | 1 |  1.1
Poison Magic   | 1 |  1.1
Fighting       | |  4.8
Ranged Weapons | |  8.6
Dodging        | |  4.8
Stealth        | |  2.7

Action                     |  1- 3 |  4- 6 || total
---------------------------+-------+-------++-------
  Melee: Shortbow          |       |     9 ||     9
   Fire: Shortbow          |   106 |   109 ||   215
    Use: Potion            |       |     6 ||     6
 Armour: Leather armour    |    12 |    26 ||    38
  Dodge: Dodged            |    39 |    75 ||   114

Table legend: (Time is in decaauts)
 A = Elapsed time spent in this place.
 B = Non-inter-level travel time spent in this place.
 C = Inter-level travel time spent in this place.
 D = Time resting spent in this place.
 E = Time spent auto-exploring this place.
 F = Levels seen in this place.
 G = Mean time per level.
                   A        B        C        D        E       F      G
               +--------+--------+--------+--------+--------+-----+--------+
         Total |   2077 |   2062 |     15 |    349 |   1201 |   3 |  692.3 |
       Dungeon |   2077 |   2062 |     15 |    349 |   1201 |   3 |  692.3 |
               +--------+--------+--------+--------+--------+-----+--------+

Top non-repeatable levels by time:
     D:1: 981 daAuts
     D:3: 730 daAuts
     D:2: 365 daAuts
